AoeStats
← varunalur2879

Lombardia

508322666Analyzed
4v4 RM · 11d ago on Sep 21, 2026· 73m 34s· 8 players
Game mode
Random Map
Map size
Large (8 player)
Population
200
Speed
Normal
Resources
Standard
Victory
Conquest
Starting age
Dark Age
Ending age
Imperial Age
RankedLock teamsTeams togetherTeam positionsShared explorationLock speedFull tech treeHidden civsTurbo modeCheats
Victory
Defeat
🇩🇪 Persians · Germany
1383
+16
🇨🇴 Franks · Colombia
1368
+17
🇧🇷 Tatars · Brazil
1316
+19
🇦🇷 Italians · Argentina
1271
+22
🇺🇸 Ethiopians · United States
1429
-20
🇺🇸 Franks · United States
1421
-20
🇮🇳 Georgians · India
1371
-18
🇺🇸 Cumans · United States
1332
-16
Revontheus
8:03 Loom
10:21 Feudal Age
17:34 Castle Age
15:46 Double-Bit Axe
18:37 Bow Saw
18:09 Horse Collar
18:54 Heavy Plow
20:23 Fletching
25:46 Wheelbarrow
26:56 Bodkin Arrow
29:41 Town Watch
33:17 Imperial Age
31:08 Husbandry
31:14 Gold Mining
32:25 Padded Archer Armor
32:44 Bloodlines
35:03 Chemistry
34:38 Bracer
34:59 Conscription
35:21 Gold Shaft Mining
34:38 Stone Mining
35:46 Leather Archer Armor
36:49 Ballistics
37:03 Ring Archer Armor
36:21 Heavy Cavalry Archer
38:21 Scale Barding Armor
40:37 Caravan
42:14 Light Cavalry
43:16 Chain Barding Armor
43:07 Forging
46:05 Timurid Siegecraft
49:12 Guilds
49:34 Masonry
49:30 Siege Engineers
50:01 Hussar
51:35 Plate Barding Armor
51:35 Iron Casting
56:25 Elite Keshik
58:40 Blast Furnace
62:42 Coinage
64:04 Banking
69:51 Hand Cart
72:20 Silk Armor
_Carp_
1:00 Loom
10:03 Feudal Age
16:24 Castle Age
14:29 Horse Collar
15:06 Double-Bit Axe
27:24 Imperial Age
26:50 Wheelbarrow
26:00 Town Watch
26:16 Treadmill Crane
26:57 Ballistics
26:47 Fortified Wall
26:42 Town Watch
28:09 Silk Road
29:13 Bow Saw
30:39 Hand Cart
30:49 Fletching
31:14 Murder Holes
32:21 Conscription
32:44 Town Patrol
34:18 Chemistry
33:30 Bodkin Arrow
34:51 Thumb Ring
34:50 Squires
34:10 Pikeman
35:52 Forging
35:43 Scale Mail Armor
35:43 Padded Archer Armor
37:04 Hoardings
36:58 Arson
38:12 Iron Casting
38:29 Caravan
39:38 Bombard Tower
39:11 Gold Mining
41:22 Blast Furnace
40:22 Bracer
40:22 Padded Archer Armor
40:11 Capped Ram
43:58 Two-Man Saw
43:02 Heavy Plow
43:23 Chain Mail Armor
43:13 Scale Barding Armor
44:09 Pirotechnia
45:13 Plate Mail Armor
44:58 Leather Archer Armor
48:43 Stone Mining
48:43 Elite Genoese Crossbowman
51:14 Masonry
52:46 Architecture
52:39 Chain Barding Armor
52:50 Ring Archer Armor
57:50 Stone Shaft Mining
64:01 Elite Skirmisher
71:42 Plate Barding Armor
72:05 Crop Rotation
72:08 Light Cavalry
72:58 Bloodlines
72:49 Husbandry
73:25 Hussar
T91Official
9:02 Feudal Age
8:24 Loom
9:28 Double-Bit Axe
14:04 Forging
19:22 Castle Age
17:41 Gold Mining
18:14 Scale Barding Armor
21:26 Gold Shaft Mining
22:38 Wheelbarrow
25:48 Hand Cart
25:48 Stone Mining
27:35 Bow Saw
28:56 Chain Barding Armor
29:12 Iron Casting
28:41 Husbandry
32:07 Imperial Age
33:10 Conscription
32:11 Cavalier
33:28 Plate Barding Armor
33:54 Blast Furnace
33:14 Caravan
33:29 Paladin
35:36 Masonry
35:21 Murder Holes
35:57 Chivalry
36:16 Murder Holes
36:44 Fletching
37:56 Chemistry
37:20 Ballistics
37:44 Masonry
37:06 Pikeman
37:47 Squires
39:16 Scale Mail Armor
40:54 Light Cavalry
42:39 Chain Mail Armor
42:32 Bodkin Arrow
44:26 Architecture
45:45 Halberdier
47:09 Plate Mail Armor
49:55 Siege Engineers
50:51 Arson
51:02 Capped Ram
51:41 Guard Tower
52:01 Fortified Wall
53:31 Guard Tower
53:26 Arrowslits
59:04 Gambesons
61:01 Hoardings
62:26 #83
Togepi
10:46 Feudal Age
10:06 Loom
14:35 Castle Age
13:45 Double-Bit Axe
13:43 Horse Collar
16:48 Heavy Plow
20:35 Bow Saw
24:47 Wheelbarrow
30:36 Imperial Age
28:13 Stone Mining
28:49 Gold Mining
30:27 Stone Shaft Mining
30:11 Hand Cart
31:47 Conscription
31:33 Scale Barding Armor
31:39 Forging
32:47 Two-Man Saw
32:04 Elite War Elephant
33:05 Devotion
34:10 Faith
34:39 Crop Rotation
36:51 Chain Barding Armor
37:06 Iron Casting
36:51 Bloodlines
36:42 Husbandry
38:14 Gold Shaft Mining
43:08 Caravan
44:11 Plate Barding Armor
44:36 Blast Furnace
43:28 Fletching
43:58 Heavy Camel Rider
48:13 Chemistry
48:11 Town Watch
52:17 Citadels
52:55 Ballistics
54:35 Hoardings
hoffypianoman
12:12 Feudal Age
13:29 Double-Bit Axe
14:25 Loom
17:11 Castle Age
18:51 Bow Saw
20:59 Wheelbarrow
28:42 Hand Cart
31:36 Imperial Age
28:52 Town Watch
29:32 Scale Barding Armor
29:38 Forging
29:29 Husbandry
29:40 Gold Mining
29:40 Stone Mining
30:38 Chain Barding Armor
31:31 Gold Shaft Mining
32:49 Iron Casting
31:43 Cavalier
33:00 Plate Barding Armor
33:07 Masonry
33:13 Fletching
34:52 Blast Furnace
33:35 Paladin
34:20 Squires
33:42 Pikeman
35:09 Architecture
35:36 Caravan
36:04 Bodkin Arrow
36:30 Ballistics
36:35 Conscription
38:09 Chivalry
38:31 Scale Mail Armor
37:53 Halberdier
44:15 Chain Mail Armor
45:51 Plate Mail Armor
49:07 Chemistry
58:13 Light Cavalry
58:19 Elite Throwing Axeman
59:09 Padded Archer Armor
59:47 Hoardings
61:29 Leather Archer Armor
67:31 Town Patrol
varunalur2879
7:04 Loom
9:11 Feudal Age
10:26 Double-Bit Axe
10:24 Horse Collar
21:22 Castle Age
20:03 Bloodlines
19:58 Gold Mining
20:52 Scale Barding Armor
21:40 Forging
22:38 Bow Saw
23:02 Husbandry
26:15 Wheelbarrow
27:34 Chain Barding Armor
27:29 Town Watch
34:13 Imperial Age
32:16 Hand Cart
31:57 Fletching
33:04 Ballistics
32:34 Guard Tower
32:51 Stone Mining
33:30 Guard Tower
34:09 Bodkin Arrow
33:59 Treadmill Crane
34:55 Cavalier
35:39 Bracer
36:15 Plate Barding Armor
37:12 Svan Towers
38:14 Iron Casting
38:25 Conscription
37:28 Light Cavalry
40:48 Blast Furnace
40:02 Masonry
42:46 Chemistry
41:43 Pikeman
42:24 Squires
42:27 Scale Mail Armor
42:28 Halberdier
43:27 Chain Mail Armor
44:02 Caravan
47:45 Plate Mail Armor
47:54 Hussar
48:56 Capped Ram
50:26 Coinage
50:46 Siege Ram
54:14 Banking
57:02 Heavy Scorpion
57:29 Heavy Scorpion
57:37 Heavy Scorpion
69:48 Arson
VZ | TheeChosen
6:27 Loom
9:47 Feudal Age
10:27 Double-Bit Axe
10:24 Horse Collar
12:26 Wheelbarrow
19:04 Gold Mining
23:16 Stone Mining
25:13 Forging
25:08 Scale Barding Armor
27:05 Castle Age
27:45 Bloodlines
28:45 Chain Barding Armor
29:00 Iron Casting
29:03 Heavy Plow
29:13 Bow Saw
29:52 Hand Cart
33:06 Imperial Age
30:22 Town Watch
30:39 Steppe Husbandry
30:41 Light Cavalry
32:37 Fletching
33:09 Ballistics
32:45 Murder Holes
33:45 Gold Shaft Mining
33:28 Caravan
34:45 Plate Barding Armor
35:10 Blast Furnace
35:16 Conscription
35:58 Chemistry
35:43 Elite Steppe Lancer
36:28 Hussar
39:54 Blast Furnace
38:54 Scale Mail Armor
38:34 Pikeman
39:15 Squires
39:01 Arson
39:15 Bodkin Arrow
39:28 Halberdier
42:16 Chain Mail Armor
44:49 Town Patrol
45:53 Plate Mail Armor
53:03 Two-Man Saw
52:41 Crop Rotation
69:49 Guilds
70:10 Coinage
MarioLogan
7:03 Loom
9:07 Feudal Age
10:17 Double-Bit Axe
15:04 Wheelbarrow
14:11 Horse Collar
14:23 Gold Mining
23:12 Castle Age
23:42 Stone Mining
27:57 Bow Saw
27:51 Heavy Plow
28:30 Gold Shaft Mining
28:42 Stone Shaft Mining
31:17 Imperial Age
29:31 Hand Cart
31:22 Ballistics
33:34 Two-Man Saw
33:37 Chemistry
32:59 Fortified Wall
34:07 Conscription
35:59 Guilds
35:51 Caravan
35:13 Heavy Scorpion
36:31 Siege Engineers
37:24 Torsion Engines
38:33 Halberdier
39:14 Squires
39:15 Scale Mail Armor
39:25 Forging
41:51 Iron Casting
41:32 Chain Mail Armor
42:51 Arson
44:11 Blast Furnace
43:42 Plate Mail Armor
43:18 Scale Barding Armor
46:17 Light Cavalry
46:57 Husbandry
47:19 Chain Barding Armor
48:50 Fletching
50:13 Hussar
64:34 Coinage
64:23 Bodkin Arrow
64:20 Guard Tower
66:07 Banking
Connection lost

Rejoining the realm…

Still unreachable

The connection could not be restored.

Session expired

The server has moved on; the page needs a fresh start.